 Dungeon Crawl Stone Soup version 0.29-a0-275-g389c0b56f3 (webtiles) character file.

Game seed: 1016255364473175326

731 EiAlmux the Conjurer (level 7, -3/55 HPs)
             Began as a Black Draconian Conjurer on Mar 12, 2022.
             Was an Initiate of Vehumet.
             Killed by divine providence
             ... invoked by an orc priest
              (14 damage)
             ... on level 5 of the Dungeon.
             The game lasted 00:11:17 (5388 turns).

EiAlmux the Conjurer (Black Draconian Conjurer)     Turns: 5388, Time: 00:11:18

Health: -3/55      AC:  6    Str:  9    XL:     7   Next: 45%
Magic:  7/13       EV: 12    Int: 20    God:    Vehumet [......]
Gold:   143        SH:  0    Dex: 10    Spells: 12/15 levels left

rFire   . . .      SeeInvis .   e - +2 dagger (venom)
rCold   . . .      Faith    .   (no shield)
rNeg    . . .      Spirit   .   (body armour unavailable)
rPois   .          Reflect  .   (helmet restricted)
rElec   +          Harm     .   (no cloak)
rCorr   .          Rampage  .   (no gloves)
Will    .....                   (no boots)
Stlth   ++........              (no amulet)
HPRegen 0.18/turn               (no ring)
MPRegen 0.13/turn               (no ring)

@: short of breath
A: breathe lightning, AC +6, unfitting armour, electricity resistance,
cold-blooded
a: Breathe Lightning, Renounce Religion


You were on level 5 of the Dungeon.
You worshipped Vehumet.
Vehumet was noncommittal.
You visited 1 branch of the dungeon, and saw 5 of its levels.

You collected 143 gold pieces.

Inventory:

Hand Weapons
 e - a +2 dagger of venom (weapon)
 i - a +5 club
Scrolls
 f - 3 scrolls of immolation
 g - 2 scrolls of teleportation
 k - a scroll of magic mapping {unknown}
 l - a scroll of enchant armour {unknown}
 p - a scroll of fear {unknown}
 q - 2 scrolls of fog {unknown}
Potions
 a - a potion of magic
 b - a potion of degeneration {unknown}
 c - a potion of berserk rage {unknown}
 d - 3 potions of curing
 h - 2 potions of lignification {unknown}
 j - 2 potions of invisibility {unknown}
 m - a potion of brilliance {unknown}
 n - 2 potions of cancellation {unknown}
 o - 2 potions of heal wounds {unknown}


   Skills:
 - Level 2.0 Fighting
 + Level 2.5 Dodging
 - Level 4.0 Stealth
 + Level 4.5 Spellcasting
 + Level 6.0 Conjurations
 + Level 1.8 Translocations


You had 12 spell levels left.
You knew the following spells:

 Your Spells              Type           Power      Damage    Failure   Level
a - Magic Dart            Conj           100%       1d8       1%          1
b - Searing Ray           Conj           56%        2d6       1%          2

Your spell library contained the following spells:

 Spells                   Type           Power      Damage    Failure   Level
 Dazzling Flash           Conj/Hex       32%        N/A       11%         3
 Pain                     Necr           16%        1d4       12%         1
 Iskenderun's Mystic Bla  Conj/Tloc      20%        2d6       24%         4
 Portal Projectile        Hex/Tloc       16%        N/A       26%         3
 Fulminant Prism          Conj/Hex       8%         3d7       34%         4
 Call Canine Familiar     Summ           4%         N/A       36%         3
 Ignite Poison            Fire/Tmut/Pois 4%         N/A       36%         3
 Passage of Golubria      Tloc           11%        N/A       50%         4
 Leda's Liquefaction      Hex/Erth       2%         N/A       77%         4
 Excruciating Wounds      Necr           2%         N/A       98%         5
 Silence                  Hex/Air        2%         N/A       98%         5
 Lehudib's Crystal Spear  Conj/Erth      8%         10d3      100%        8


Dungeon Overview and Level Annotations

Branches:
Dungeon (5/15)
 Temple: D:4-7

Altars:
Ru
Vehumet
Wu Jian
Xom
The Shining One

Shops:
D:2 (

Portals:
Sewer: D:5

Annotations:
D:2 Sigmund
D:4 1 runed translucent door, ouz's ghost, amateur DsFE


Innate Abilities, Weirdness & Mutations

You can breathe wild blasts of lightning.
Your glossy black scales are hard. (AC +6)
You cannot fit into any form of body armour.
You are resistant to electric shocks. (rElec)
You are cold-blooded and may be slowed by cold attacks.


Message History

The magic dart hits the rat.
You kill the rat!
Vehumet accepts your kill.
The orc priest shouts!
The ball python hisses angrily.
The magic dart hits the river rat but does no damage.
The magic dart hits the river rat.
The river rat is lightly wounded.
Activating: Breathe Lightning (5% risk of failure)
Press: ? - help, Dir - look around, f - activate You breathe a wild blast of lightning!
The orb of electricity explodes!
You hear a mighty clap of thunder!
The bolt of lightning misses you.
The orb of electricity explodes!
The orb of electricity engulfs the river rat!
The river rat is almost dead.
The orb of electricity engulfs the ball python!!
You kill the ball python!
Vehumet accepts your kill. The orb of electricity engulfs you! You resist.
The river rat bites you!
* * * LOW HITPOINT WARNING * * *
Casting: Magic Dart (safe; 1% risk of failure)
Confirm with . or Enter, or press ? or * to list all spells.
Aiming: Searing Ray (safe; 1% risk of failure)
Press: ? - help, Shift-Dir - straight line, f - river rat
Aim: a river rat (almost dead, 77% to hit)
The searing ray hits the river rat!
You kill the river rat!
Vehumet accepts your kill.
The searing ray misses the scorpion. (Press . to maintain the ray.)
The searing ray hits the scorpion.
The scorpion is moderately wounded.
The searing ray misses the scorpion.
A giant cockroach comes into view.
The scorpion attacks as you move away! The scorpion stings you.
* * * LOW HITPOINT WARNING * * *
The orc priest attacks as you move away!
The orc priest barely misses you.
The orc priest calls down the wrath of Beogh upon you.
Beogh smites you!
You die...

...........
...)≈≈≈...#
#..B≈≈≈≈..#
...≈≈∩≈≈..#
...≈≈≈≈≈.[##
....≈≈††...#
........o..#
#......s...#
######.@##.#
#..<...# ##......#
#.......#
#......## #......#
#.##.###
#############.##.#
..#..............#


You could see a scorpion, an orc priest and a giant cockroach (wandering).

Vanquished Creatures
  2 scorpions (D:4)
  4 hounds
  A jelly (D:4)
  An orc priest (D:4)
  Jessica (D:2)
  3 iguanas
  4 orc wizards
  11 adders
  A gnoll (D:4)
  A river rat (D:5)
  A white imp (D:5)
  An ufetubus (D:5)
  2 worms
  3 dart slugs
  8 orcs
  12 ball pythons
  4 bats
  5 endoplasms
  2 giant cockroaches (D:1)
  6 goblins
  8 hobgoblins
  7 jackals
  3 kobolds
  4 quokkas
  6 rats
101 creatures vanquished.

Notes
Turn   | Place    | Note
-------+----------+-------------------------------------------
     0 | D:1      | EiAlmux the Draconian Conjurer began the quest for the Orb.
     0 | D:1      | Reached XP level 1. HP: 14/14 MP: 3/3
   359 | D:2      | Reached skill level 1 in Fighting
   359 | D:2      | Reached XP level 2. HP: 12/23 MP: 0/5
   640 | D:2      | Learned a level 2 spell: Searing Ray
   679 | D:2      | Found Jiniput's Weapon Boutique.
   683 | D:2      | Noticed Sigmund
  1149 | D:1      | Reached XP level 3. HP: 26/29 MP: 0/6
  1938 | D:1      | Got the Volume of Transformation and Black Secrets
  2007 | D:2      | Noticed Jessica
  2299 | D:2      | Killed Jessica
  2300 | D:2      | Reached XP level 4. HP: 36/36 MP: 2/8
  2522 | D:3      | Found a glowing golden altar of the Shining One.
  2703 | D:3      | Found a sacrificial altar of Ru.
  2710 | D:3      | Reached XP level 5. HP: 39/41 MP: 1/9
  3012 | D:3      | Reached skill level 5 in Conjurations
  3503 | D:4      | Reached XP level 6. HP: 48/48 MP: 1/11
  4250 | D:4      | Found a radiant altar of Vehumet.
  4259 | D:4      | Became a worshipper of Vehumet
  4405 | D:4      | Your scales start taking on a glossy black colour.
  4405 | D:4      | Reached XP level 7. HP: 55/55 MP: 3/13
  4405 | D:4      | Gained mutation: You are resistant to electric shocks.
                  | (rElec) [Black Draconian growth]
  4589 | D:4      | Reached skill level 1 in Translocations
  4692 | D:4      | Found a runed translucent door.
  4696 | D:4      | Noticed ouz's ghost (amateur DsFE)
  4865 | D:4      | Found a shimmering altar of Xom.
  4882 | D:4      | Found an ornate altar of the Wu Jian Council.
  4998 | D:5      | Entered Level 5 of the Dungeon
  5019 | D:5      | Noticed a hornet
  5142 | D:5      | Reached skill level 6 in Conjurations
  5375 | D:5      | Found a glowing drain.
  5388 | D:5      | Killed from afar by an orc priest

Illustrated notes

Levels and vault maps discovered:
D:1:      dpeg_arrival_rooms_b, layout_basic, minivault_5
D:2:      layout_loops_ring, serial_shops, nicolae_diamond_shop, basic_altar,
          uniq_crazy_yiuf_cottage, uniq_sigmund, uniq_terence, uniq_jessica,
          uniq_robin
D:3:      layout_basic, tso_metal_star, nicolae_ru_great_annihilating_truth,
          kennysheep_nub, hangedman_decor_growths
D:4:      layout_loops_cross, minitemple, ebering_ghost_reflecting_pool,
          minmay_ruined_shrine
D:5:      layout_loops_ring, portal_sewer_entry_a, uniq_duvessa

Skill      XL: |  1  2  3  4  5  6  7 |
---------------+----------------------+-----
Fighting       | 1 2 |  2.0
Stealth        | 2 3 4 |  4.0
Spellcasting   | 3 4 |  4.5
Conjurations   | 5 6 |  6.0
Dodging        | 2 |  2.5
Translocations | 1 |  1.8

Action                   |  1- 3 |  4- 6 |  7- 9 || total
-------------------------+-------+-------+-------++-------
Melee: Unarmed           |    19 |       |       ||    19
       Tailslap          |     7 |     1 |     2 ||    10
       Whip              |    16 |       |       ||    16
       Club              |       |     5 |       ||     5
       Dagger            |       |     3 |    25 ||    28
 Cast: Magic Dart        |    78 |    89 |    26 ||   193
       Searing Ray       |     1 |     9 |     8 ||    18
 Abil: Breathe Lightning |       |       |     2 ||     2
  Use: Scroll            |       |     2 |     1 ||     3
Armor: Skin              |    18 |     9 |    15 ||    42
Dodge: Dodged            |    33 |    23 |    25 ||    81

Table legend: (Time is in decaauts)
 A = Elapsed time spent in this place.
 B = Non-inter-level travel time spent in this place.
 C = Inter-level travel time spent in this place.
 D = Time resting spent in this place.
 E = Time spent auto-exploring this place.
 F = Levels seen in this place.
 G = Mean time per level.
                   A        B        C        D        E       F      G
               +--------+--------+--------+--------+--------+-----+--------+
         Total |   5391 |   5106 |    285 |    865 |   3506 |   5 | 1078.2 |
       Dungeon |   5391 |   5106 |    285 |    865 |   3506 |   5 | 1078.2 |
               +--------+--------+--------+--------+--------+-----+--------+

Top non-repeatable levels by time:
     D:4: 1529 daAuts
     D:1: 1440 daAuts
     D:3: 1088 daAuts
     D:2: 944 daAuts
     D:5: 389 daAuts
